AoeStats
← rvillarvega

Black Forest

506752007Analyzed
2v2 RM · 16d ago on Sep 15, 2026· 63m 49s· 4 players
Game mode
Random Map
Map size
Medium (4 player)
Population
200
Speed
Normal
Resources
Standard
Victory
Conquest
Starting age
Dark Age
Ending age
Imperial Age
RankedLock teamsTeams togetherTeam positionsShared explorationLock speedFull tech treeHidden civsTurbo modeCheats
Victory
Defeat
🇪🇨 Turks · Ecuador
1093
+15
🇨🇱 Teutons · Chile
1020
+19
🇨🇱 Spanish · Chile
1079
-17
🇨🇱 Magyars · Chile
1077
-17
Tha Chilenman
0:28 Loom
13:37 Feudal Age
14:05 Double-Bit Axe
17:32 Castle Age
15:37 Horse Collar
26:17 Wheelbarrow
30:52 Imperial Age
29:11 Heavy Plow
29:56 Hand Cart
29:54 Gold Mining
30:20 Bow Saw
30:53 Fortified Wall
30:28 Pikeman
31:37 Sanctity
31:27 Fervor
33:50 Chemistry
33:58 Crop Rotation
34:03 Block Printing
34:31 Theocracy
35:44 Two-Man Saw
35:37 Illumination
35:30 Siege Engineers
35:29 Fletching
35:54 Halberdier
37:09 Conscription
36:52 Scale Mail Armor
37:03 Forging
36:48 Bodkin Arrow
38:24 Chain Mail Armor
43:00 Plate Mail Armor
49:13 Squires
50:41 Heavy Scorpion
54:39 Iron Casting
54:46 Ironclad
57:49 Ballistics
Gamezbold69
11:29 Loom
14:43 Feudal Age
19:08 Castle Age
18:23 Double-Bit Axe
23:08 Medium Warships
29:04 Medium Warships
40:01 Imperial Age
43:41 Wheelbarrow
44:48 Fishing Lines
47:35 Gillnets
55:21 Elite Janissary
62:47 Artillery
rvillarvega
7:56 Loom
10:43 Feudal Age
16:21 Castle Age
14:54 Double-Bit Axe
15:16 Horse Collar
16:33 Fletching
18:10 Bow Saw
24:22 Gold Mining
33:54 Wheelbarrow
34:06 Bodkin Arrow
39:25 Imperial Age
41:27 Two-Man Saw
43:48 Elite Skirmisher
48:06 Husbandry
49:45 Ballistics
50:26 Chemistry
49:22 Murder Holes
50:37 Bracer
50:37 Padded Archer Armor
50:48 Forging
50:38 Scale Mail Armor
50:44 Scale Barding Armor
52:59 Leather Archer Armor
55:49 Stone Mining
56:18 Hand Cart
57:39 Ring Archer Armor
57:24 Chain Mail Armor
57:29 Chain Barding Armor
57:44 Iron Casting
57:32 Light Cavalry
58:22 Bloodlines
robertofreraut
7:14 Loom
10:14 Feudal Age
10:56 Double-Bit Axe
19:50 Bloodlines
21:59 Castle Age
20:29 Horse Collar
20:56 Scale Barding Armor
21:02 Bloodlines
20:44 Gold Mining
22:49 Scale Mail Armor
23:09 Chain Barding Armor
22:56 Husbandry
34:30 Wheelbarrow
34:56 Bow Saw
37:30 Fletching
37:44 Heavy Plow
42:58 Stone Mining
43:18 Elite Skirmisher
44:39 Hand Cart
46:44 Bodkin Arrow
51:15 Imperial Age
49:11 Corvinian Army
50:51 Ballistics
50:28 Murder Holes
50:44 Masonry
50:15 Treadmill Crane
50:24 Town Watch
52:24 Cavalier
55:07 Conscription
57:29 Caravan
62:34 Plate Barding Armor
Connection lost

Rejoining the realm…

Still unreachable

The connection could not be restored.

Session expired

The server has moved on; the page needs a fresh start.